 Dungeon Crawl Stone Soup version 0.29.1-15-g9cfb28693d (webtiles) character file.

Game seed: 6763767121718511642

38 javelincjr the Magician (level 3, 26/26 HPs)
             Began as a Demonspawn Hedge Wizard on Apr 7, 2023.
             Was an Initiate of Ashenzari.
             Quit the game on level 1 of the Dungeon.
             The game lasted 00:03:45 (1215 turns).

javelincjr the Magician (Demonspawn Hedge Wizard)   Turns: 1215, Time: 00:03:46

Health: 26/26      AC:  2    Str: 12    XL:     3   Next: 25%
Magic:  7/7        EV: 12    Int: 15    God:    Ashenzari [......]
Gold:   19         SH:  0    Dex: 12    Spells: 7/8 levels left

rFire   . . .      SeeInvis .   e - +0 dagger (venom)
rCold   . . .      Faith    .   h - orb {mayhem}
rNeg    . . .      Spirit   .   b - +0 robe
rPois   .          Reflect  .   c - +0 hat
rElec   .          Harm     .   (no cloak)
rCorr   .          Rampage  .   (no gloves)
Will    .....                   (no boots)
Stlth   ++........              (no amulet)
HPRegen 0.08/turn               (no ring)
MPRegen 0.10/turn               (no ring)

@: no status effects
A: horns 1, demonic magic 1
a: Renounce Religion


You were on level 1 of the Dungeon.
You worshipped Ashenzari.
Ashenzari was noncommittal.
You visited 1 branch of the dungeon, and saw 1 of its levels.

You collected 19 gold pieces.

Inventory:

Hand Weapons
 a - a +0 dagger
 e - a +0 dagger of venom (weapon)
Armour
 b - a +0 robe (worn)
 c - a +0 hat (worn)
 h - an orb of mayhem (worn)
Scrolls
 f - a scroll of fear {unknown}
 g - a scroll of noise {unknown}
 i - a scroll of magic mapping {unknown}
Potions
 d - a potion of magic


   Skills:
 * Level 1.0 Fighting
 + Level 0.7 Armour
 + Level 2.0 Dodging
 - Level 1.7 Stealth
 * Level 3.3 Spellcasting
 + Level 1.4 Conjurations
 + Level 1.3 Summonings
 + Level 1.1 Translocations


You had 7 spell levels left.
You knew the following spells:

 Your Spells              Type           Power      Damage    Failure   Level
a - Magic Dart            Conj           24%        1d4       11%         1

Your spell library contained the following spells:

 Spells                   Type           Power      Damage    Failure   Level
 Call Imp                 Summ           6%         N/A       17%         2
 Blink                    Tloc           10%        N/A       19%         2
 Slow                     Hex            8%         N/A       21%         1
 Conjure Flame            Conj/Fire      4%         6-21      41%         3
 Mephitic Cloud           Conj/Pois/Air  3%         N/A       43%         3


Dungeon Overview and Level Annotations

Branches:
Dungeon (1/15)

Altars:
Ashenzari


Innate Abilities, Weirdness & Mutations

You have a pair of small horns on your head.
Spells you cast may paralyse adjacent enemies.


Message History

A goblin comes into view. It is wielding a +0 dagger.
The goblin shouts!
The goblin moves out of view.
The magic dart hits the goblin.
The goblin is moderately wounded.
Malevolent energies surge around you.
A dart slug comes into view.
The magic dart hits the goblin.
You kill the goblin!
The dart slug flies into a frenzy!
Malevolent energies surge around you.
You can't see any susceptible monsters within range! (Use Z to cast anyway.)
You feel a bit more experienced.
A dart slug is nearby!
The magic dart hits the dart slug.
The dart slug is heavily wounded.
Malevolent energies surge around you.
The magic dart hits the dart slug but does no damage.
The dart slug is heavily wounded.
Malevolent energies surge around you.
The magic dart hits the dart slug.
The dart slug is severely wounded.
Malevolent energies surge around you.
The magic dart hits the dart slug.
The dart slug is almost dead.
Malevolent energies surge around you.
The magic dart hits the dart slug but does no damage.
The dart slug is almost dead.
Malevolent energies surge around you.
You hit the dart slug.
You kill the dart slug!
Your Dodging skill increases to level 2!
Found a faded altar of an unknown god.
Found a book of Minor Magic.
You see here a book of Minor Magic.
There is a faded altar of an unknown god here.
You cannot tell which god this altar belongs to.
Convert to them anyway?
Ashenzari accepts your prayer! Ashenzari welcomes you!
Ashenzari warns you of distant threats and treasures.
Ashenzari reveals the structure of the dungeon to you.
Ashenzari shows you where magical portals lie.
Are you sure you want to abandon this character and quit the game? (Confirm with "yes".)

.......# #.##.##.#
.......# #.##.##.#
...[...# #.#..##.#
.......# #.#.###.#
##.##### #.#†###.#
#.########.......#
##.#..........#####
......######♣♣♣♣♣♣♣♣
......# ♣♣..8@8:♣♣
...#..# ♣♣........♣
..###.##
♣...♣...♣♣..♣ .##
##÷###♣.♣♣♣.⌠.♣
♣♣...
..###......♣♣.♣...♣
.#
##.#.#........♣.♣.♣
# ##.##.......♣..♣♣.
#...#.......♣.♣♣ ♣.
#...#.......♣. .♣


There were no monsters in sight!

Vanquished Creatures
  4 dart slugs (D:1)
  2 endoplasms (D:1)
  A giant cockroach (D:1)
  5 goblins (D:1)
  A hobgoblin (D:1)
  4 jackals (D:1)
  3 kobolds (D:1)
  2 ball pythons (D:1)
  2 bats (D:1)
  2 rats (D:1)
26 creatures vanquished.

Vanquished Creatures (collateral kills)
  A quokka (D:1)
1 creature vanquished.

Grand Total: 27 creatures vanquished

Notes
Turn   | Place    | Note
-------+----------+-------------------------------------------
     0 | D:1      | javelincjr the Demonspawn Hedge Wizard began the quest for
                  | the Orb.
     0 | D:1      | Reached XP level 1. HP: 13/13 MP: 4/4
   120 | D:1      | Reached skill level 1 in Translocations
   207 | D:1      | Gained mutation: Spells you cast may paralyse adjacent
                  | enemies. [demonic ancestry]
   207 | D:1      | Reached XP level 2. HP: 12/20 MP: 3/6
   863 | D:1      | Reached skill level 1 in Fighting
   863 | D:1      | Gained mutation: You have a pair of small horns on your
                  | head. [demonic ancestry]
   863 | D:1      | Reached XP level 3. HP: 23/26 MP: 1/7
  1201 | D:1      | Found a faded altar of an unknown god.
  1214 | D:1      | Prayed at the altar of an unknown god.
  1214 | D:1      | Became a worshipper of Ashenzari the Shackled
  1215 | D:1      | Quit the game

Illustrated notes

Levels and vault maps discovered:
D:1:      ncdulo_smallfort, layout_loops_cross,
          shapermc_ecumenical_altar_totnotflames, st_stairs_5,
          hangedman_abyss_or_decor_stabs, nicolae_titane

Skill      XL: |  1  2  3 |
---------------+----------+-----
Translocations | 1 |  1.1
Fighting       | 1 |  1.0
Dodging        | 2 |  2.0
Armour         | |  0.7
Stealth        | |  1.7
Spellcasting   | |  3.3
Conjurations   | |  1.4
Summonings     | |  1.3

Action                   || total
-------------------------++-------
Melee: Dagger            ||    33
 Cast: Magic Dart        ||    61
 Stab: Paralysed         ||     8
       Sleeping          ||     1
Armor: Robe              ||     8
Dodge: Dodged            ||    21
